 Dungeon Crawl Stone Soup version 0.19.1 (webtiles) character file.

58 lorenzova the Conjurer (level 3, -3/19 HPs)
             Began as a Deep Elf Conjurer on Nov 25, 2016.
             Slain by a hobgoblin
             ... wielding a +0 club
              (5 damage)
             ... on level 1 of the Dungeon.
             The game lasted 00:03:27 (1191 turns).

lorenzova the Conjurer (Deep Elf Conjurer)          Turns: 1191, Time: 00:03:27

Health: -3/19      AC:  2    Str:  5    XL:     3   Next: 76%
Magic:  7/11       EV: 12    Int: 20    God:
Gold:   56         SH:  0    Dex: 15    Spells: 1 memorised, 10 levels left

rFire  . . .     SeeInvis .     k - +0 short sword
rCold  . . .     Gourm    .     a - +0 robe
rNeg   . . .     Faith    .     (no shield)
rPois  .         Spirit   .     (no helmet)
rElec  .         Reflect  .     (no cloak)
rCorr  .         Harm     .     (no gloves)
MR     .....                    (no boots)
Stlth  ++........               (no amulet)
                                (no ring)
                                (no ring)

@: heavily drained
A: no striking features
a: no special abilities


You were on level 1 of the Dungeon.
You were hungry.

You visited 1 branch of the dungeon, and saw 2 of its levels.

You collected 56 gold pieces.

Inventory:

Hand Weapons
 k - a +0 short sword (weapon)
Armour
 a - a +0 robe (worn)
Jewellery
 j - an uncursed amulet of harm
Scrolls
 f - a scroll of recharging {unknown}
 g - 2 scrolls of identify {unknown}
Potions
 d - a potion of invisibility {unknown}
 e - a potion of lignification {unknown}
 i - a potion of haste {unknown}
 m - a potion of flight {unknown}
Books
 b - a book of Conjurations

   Spells                             Type                      Level
   a - Magic Dart                     Conjuration                  1
   b - Searing Ray                    Conjuration                  2
   c - Dazzling Spray                 Conjuration/Hexes            3
   d - Fulminant Prism                Conjuration/Hexes            4
   e - Iskenderun's Mystic Blast      Conjuration                  4
   f - Iskenderun's Battlesphere      Conjuration/Charms           5
 l - a book of Misfortune

   Spells                             Type                      Level
   a - Confusing Touch                Hexes                        1
   b - Confuse                        Hexes                        3
   c - Gell's Gravitas                Hexes/Translocation          3
   d - Petrify                        Transmutation/Earth          4
   e - Metabolic Englaciation         Hexes/Ice                    5
   f - Yara's Violent Unravelling     Hexes/Transmutation          5
Comestibles
 c - 3 bread rations
 h - a beef jerky


   Skills:
 - Level 2.4(1.1) Dodging
 - Level 2.4(1.1) Stealth
 + Level 4.5(3.1) Spellcasting
 + Level 5.2(3.8) Conjurations


You had 10 spell levels left.
You knew the following spells:

 Your Spells              Type           Power        Failure   Level  Hunger
a - Magic Dart            Conj           ###.         2%          1    None


Dungeon Overview and Level Annotations

Branches:
Dungeon (2/15)

Altars:


Message History

The magic dart hits the hobgoblin.
The hobgoblin is heavily wounded.
The hobgoblin misses you.
Casting: Magic Dart
Confirm with . or Enter, or press ? or * to list all spells.
Aiming: Magic Dart
Press: ? - help, Shift-Dir - straight line, f/p - hobgoblin
Aim: a hobgoblin, wielding a club (heavily wounded)
The magic dart hits the hobgoblin.
You kill the hobgoblin!
The hobgoblin closely misses you.
Casting: Magic Dart
Confirm with . or Enter, or press ? or * to list all spells.
Aiming: Magic Dart
Press: ? - help, Shift-Dir - straight line, f - hobgoblin
Aim: a hobgoblin, wielding a club The magic dart hits the hobgoblin.
The hobgoblin is heavily wounded.
The hobgoblin hits you with a club.
You die...

#............####
##.#.#.#.#.#.....#
#................#
#.#.#.#.#.#.#....#
#.........^......###### ####
#####.##.###.....#....#
##...
#..........###....####....
########...# #....##...#..
#.@.# #.......###..
##########g).# #.....### #..
#.......##...###....## #..
#.......##...#......######..
#..........#...#.)..#...##..
#........#######..(.#...##.#
#.)..>.....................#
#...........#..............#
#.......###.#.##...........#


You could see a hobgoblin.

Vanquished Creatures
  2 adders (D:2)
  2 leopard geckos
  6 bats
  8 hobgoblins
  3 kobolds
  4 frilled lizards (D:1)
  8 goblins
  4 rats (D:1)
37 creatures vanquished.

Notes
Turn   | Place    | Note
-------+----------+-------------------------------------------
     0 | D:1      | lorenzova the Deep Elf Conjurer began the quest for the Orb.
     0 | D:1      | Reached XP level 1. HP: 10/10 MP: 6/6
   297 | D:1      | Reached XP level 2. HP: 15/15 MP: 4/8
   750 | D:1      | Reached XP level 3. HP: 19/19 MP: 8/10
   881 | D:2      | Reached skill level 5 in Conjurations
  1191 | D:1      | Slain by a hobgoblin

Skill      XL: |  1  2  3 |
---------------+----------+-----
Spellcasting   | 4 |  4.5
Conjurations   | 5 |  5.2
Dodging        | |  2.4
Stealth        | |  2.4

Action                   || total
-------------------------++-------
Melee: Short sword       ||     6
 Cast: Magic Dart        ||    68
Armor: Robe              ||     6
Dodge: Dodged            ||     9
